 Dungeon Crawl Stone Soup version 0.22.1-1-ga44c0e5 (webtiles) character file.

62 Fang the Skirmisher (level 4, 0/43 HPs)
             Began as a Gargoyle Berserker on Oct 24, 2018.
             Was a Follower of Trog.
             Slain by an orc warrior
             ... wielding a +0 dire flail
              (20 damage)
             ... on level 3 of the Dungeon.
             The game lasted 00:04:00 (1790 turns).

Fang the Skirmisher (Gargoyle Berserker)            Turns: 1790, Time: 00:04:01

Health: 0/43       AC:  5    Str: 26    XL:     4   Next: 8%
Magic:  4/4        EV: 12    Int:  8    God:    Trog [*.....]
Gold:   94         SH:  0    Dex:  9    Spells: 3/3 levels left

rFire    . . .     SeeInvis .   a - +0 hand axe
rCold    . . .     Gourm    .   (no shield)
rNeg     + . .     Faith    .   b - +0 animal skin
rPois    ∞         Spirit   .   (no helmet)
rElec    +         Reflect  .   (no cloak)
rCorr    .         Harm     .   (no gloves)
MR       .....                  (no boots)
Stlth    ..........             (no amulet)
HPRegen  0.14/turn              (no ring)
MPRegen  0.09/turn              (no ring)

@: berserking, very quick
A: negative energy resistance 1, electricity resistance, unbreathing,
petrification resistance, rot immunity, AC +3
a: Berserk, Renounce Religion


You were on level 3 of the Dungeon.
You worshipped Trog.
Trog was aware of your devotion.
You were hungry.

You visited 1 branch of the dungeon, and saw 3 of its levels.

You collected 94 gold pieces.

Inventory:

Hand Weapons
 a - a +0 hand axe (weapon)
Armour
 b - a +0 animal skin (worn)
Jewellery
 n - an uncursed amulet of the gourmand {unknown}
Wands
 o - a wand of random effects (32)
Scrolls
 d - 2 scrolls of remove curse {unknown}
 e - a scroll of magic mapping {unknown}
 f - 2 scrolls of teleportation {unknown}
 h - 2 scrolls of identify {unknown}
 i - a scroll of enchant armour {unknown}
 j - a scroll of random uselessness {unknown}
 l - a scroll of blinking {unknown}
Potions
 g - 2 potions of curing {unknown}
 k - a potion of haste {unknown}
 m - 3 potions of flight {unknown}
Comestibles
 c - 4 rations


   Skills:
 + Level 3.9 Fighting
 + Level 3.3 Axes
 + Level 2.5 Armour
 + Level 2.2 Dodging


You had 3 spell levels left.
You didn't know any spells.
Your spell library was empty.

Dungeon Overview and Level Annotations

Branches:
Dungeon (3/15)

Altars:


Innate Abilities, Weirdness & Mutations

You are resistant to torment.
Your stone body is resilient. (AC +3)
You are immune to poison.
You resist negative energy. (rN+)
You are resistant to electric shocks. (rElec)
You can survive without breathing.
You are immune to petrification.
You are immune to rotting.


Message History

The orc warrior hits you with a dire flail.
The orc wizard gestures at you while chanting.
The puff of flame hits you!
You hit the orc warrior.
The orc warrior is heavily wounded.
You hit the orc wizard.
The orc warrior hits you with a dire flail!
You are too injured to fight recklessly!
You are too injured to fight recklessly!
You are too injured to fight recklessly!
You are too injured to fight recklessly!
You barely miss the orc warrior.
The orc warrior is heavily wounded.
You hit the orc wizard. The orc wizard barely misses you.
Unknown command.
You hit the orc warrior.
The orc warrior is severely wounded.
You hit the orc wizard but do no damage.
The orc warrior hits you with a dire flail!!
You die...

... ##.###### #.......#
# #.......# .#
#####.......### ...
............... ....
##..........#######o.$..
#.##.......# #oooo...#
#.##.......# #@#
#.#####.#######.# #.#
#.........# #.#
########### #.#


You could see an orc warrior, 2 orc wizards and 2 orcs.

Vanquished Creatures
  A gnoll (D:1)
  2 adders (D:2)
  4 bats
  4 giant cockroaches
  5 hobgoblins
  3 kobolds
  A frilled lizard (D:1)
  8 goblins
  5 rats
33 creatures vanquished.

Notes
Turn   | Place    | Note
-------+----------+-------------------------------------------
     0 | D:1      | Fang the Gargoyle Berserker began the quest for the Orb.
     0 | D:1      | Reached XP level 1. HP: 14/14 MP: 1/1
   359 | D:1      | Reached XP level 2. HP: 19/19 MP: 2/2
   436 | D:1      | Reached XP level 3. HP: 10/24 MP: 3/3
   765 | D:1      | You fall through a shaft!
  1268 | D:2      | Reached XP level 4. HP: 28/29 MP: 4/4
  1776 | D:3      | Noticed an orc warrior
  1790 | D:3      | Slain by an orc warrior

Skill      XL: |  1  2  3 |
---------------+----------+-----
Axes           | 3 |  3.3
Dodging        | 2 |  2.2
Fighting       | |  3.9
Armour         | |  2.5

Action                   |  1- 3 |  4- 6 || total
-------------------------+-------+-------++-------
Melee: Hand axe          |   107 |    29 ||   136
Invok: Berserk           |     1 |     1 ||     2
  Eat: Chunk             |     1 |       ||     1
       Ration            |       |     1 ||     1
Armor: Animal skin       |    40 |     7 ||    47
Dodge: Dodged            |    71 |    16 ||    87
